 Dungeon Crawl Stone Soup version 0.28.0-45-g0d030f2227 (webtiles) character file.

Game seed: 5183927420809062974

3792 Peloso the Carver (level 9, -5/79 HPs)
             Began as a Minotaur Fighter on Apr 5, 2022.
             Was a Priest of Okawaru.
             Slain by an orc warrior
             ... wielding a +0 trident
              (17 damage)
             ... in a bailey.
             The game lasted 00:16:36 (8850 turns).

Peloso the Carver (Minotaur Fighter)                Turns: 8850, Time: 00:16:36

Health: -5/79      AC: 16    Str: 23    XL:     9   Next: 95%
Magic:  6/8        EV: 12    Int:  5    God:    Okawaru [***...]
Gold:   431        SH:  7    Dex: 12    Spells: 8/8 levels left

rFire   . . .      SeeInvis .   a - +0 long sword
rCold   . . .      Faith    .   c - +0 buckler
rNeg    . . .      Spirit   .   D - +1 chain mail
rPois   .          Reflect  .   (helmet restricted)
rElec   .          Harm     .   i - +1 cloak
rCorr   .          Rampage  .   (no gloves)
Will    .....                   (no boots)
Stlth   ..........              (no amulet)
HPRegen 0.23/turn               (no ring)
MPRegen 0.11/turn               (no ring)

@: mighty, heroic, hasted, very quick
A: horns 2, retaliatory headbutt
a: Renounce Religion, Heroism


You were in a bailey.
You worshipped Okawaru.
Okawaru was most pleased with you.
You visited 1 branch of the dungeon, and saw 7 of its levels.
You also visited: Ossuary and Bailey.

You collected 431 gold pieces.

Inventory:

Hand Weapons
 a - a +0 long sword (weapon)
Missiles
 g - 3 throwing nets (quivered)
Armour
 b - a +0 scale mail
 c - a +0 buckler (worn)
 i - a +1 cloak (worn)
 D - a +1 chain mail (worn)
Jewellery
 z - an amulet of magic regeneration
 A - a ring of see invisible
Wands
 j - a wand of flame (41)
 x - a wand of mindburst (1)
Scrolls
 e - 2 scrolls of amnesia {unknown}
 f - 3 scrolls of enchant armour
 h - 2 scrolls of teleportation
 l - 2 scrolls of vulnerability {unknown}
 n - 5 scrolls of blinking
 s - a scroll of torment {unknown}
 t - a scroll of noise {unknown}
 u - a scroll of acquirement {unknown}
 w - 3 scrolls of magic mapping {unknown}
 y - a scroll of fear {unknown}
 C - a scroll of enchant weapon {unknown}
Potions
 d - 3 potions of might
 k - 5 potions of curing
 m - a potion of flight
 o - 4 potions of magic
 p - a potion of berserk rage {unknown}
 q - 3 potions of invisibility
 r - 5 potions of haste
 v - 2 potions of brilliance
 B - a potion of heal wounds {unknown}
 E - a potion of mutation {unknown}
 F - a potion of cancellation {unknown}


   Skills:
 + Level 7.3(12.3) Fighting
 + Level 10.8(15.8) Long Blades
 + Level 9.6(14.6) Armour
 + Level 4.5(9.5) Dodging
 + Level 1.4(6.4) Stealth
 + Level 6.5(11.5) Shields
 + Level 0.3 Invocations
 + Level 0.1 Evocations


You had 8 spell levels left.
You didn't know any spells.
Your spell library contained the following spells:

 Spells                   Type           Power      Damage    Failure   Level
 Foxfire                  Conj/Fire      0%         2x1d4     96%         1
 Corpse Rot               Necr/Air       0%         N/A       99%         2
 Conjure Flame            Conj/Fire      0%         6-21      100%        3
 Inner Flame              Hex/Fire       0%         N/A       100%        3
 Dispel Undead            Necr           0%         3d6       100%        4
 Flame Wave               Conj/Fire      0%         2d4       100%        4
 Death Channel            Necr           Unusable   N/A       N/A         6

Dungeon Overview and Level Annotations

Branches:
Dungeon (7/15)             Temple (0/1) D:4         Ossuary (visited)
 Bailey (1/1)

Altars:
Ashenzari
Elyvilon
Fedhas
Hepliaklqana
Okawaru
Uskayaw
Vehumet
Zin

Annotations:
D:4 Dig
D:7 Joseph


Innate Abilities, Weirdness & Mutations

You have a pair of horns on your head.
You reflexively headbutt those who attack you in melee.


Message History

Okawaru accepts your kill.
Okay, then.
You gain the combat prowess of a mighty hero.
You block the orc's attack.
You feel very mighty all of a sudden.
There is an open gate here.
You barely miss the orc knight.
The orc hits you from afar with a +0 halberd!
The orc hits you from afar with a +0 halberd.
You hit the orc knight.
The orc knight is lightly wounded.
The orc warrior hits you from afar with a +0 trident!
The orc hits you from afar with a +0 halberd.
You closely miss the orc knight.
The orc knight is lightly wounded.
The orc misses you.
The orc warrior hits you but does no damage.
The orc closely misses you.
Things that are here:
a +0 trident; a +0 ring mail; a +0 war axe You slash the orc!
You kill the orc!
The orc knight misses you. You block the orc warrior's attack.
You slash the orc knight!
The orc knight is moderately wounded.
The orc barely misses you.
Unknown command.
You slash the orc knight!
The orc knight is heavily wounded.
The orc knight hits you with a +0 glaive.
The orc warrior hits you with a +0 trident!
You slash the orc knight! Your headbutt misses the orc knight.
The orc knight is heavily wounded.
The orc hits you from afar with a +0 halberd!
The orc knight hits you with a +0 glaive!
* * * LOW HITPOINT WARNING * * *
You hit the orc knight.
The orc knight is severely wounded.
The orc warrior hits you with a +0 trident!
You die...

####### ######
##.....#########...).##
##.......#.....#.o.....+
.#).##...'.....o.o#....+
))).8....'.....'@).....+
.#))##...'.....'..#....+
##.......#.....#.......+
##.....#########.....##
####### ######


You could see an orc knight, an orc warrior (strong) and an orc (strong).

Vanquished Creatures
  Harold (D:7)
  Sigmund (D:5)
  Eustachio (D:6)
  A water moccasin (D:6)
  4 orc warriors (Bailey)
  A sky beast (D:6)
  An ogre (D:6)
  An ice beast (D:6)
  A necrophage (D:6)
  2 centaurs (D:7)
  A phantom (D:6)
  3 bullfrogs
  A wyvern zombie (D:6)
  A water moccasin zombie (D:6)
  A scorpion (D:6)
  A water moccasin skeleton (D:5)
  A wyvern skeleton (D:7)
  5 killer bees (D:5)
  4 wights (D:7)
  2 howler monkeys
  Crazy Yiuf (D:5)
  An orc priest (D:6)
  3 jellies
  3 hounds
  3 bullfrog skeletons
  A gnoll shaman (D:4)
  Natasha (thrice) (D:2)
  11 mummies (Ossuary)
  8 gnolls
  A howler monkey skeleton (D:7)
  9 adders
  2 white imps
  2 ufetubi
  A worm (D:2)
  2 dart slugs
  25 orcs
  3 endoplasms
  3 giant cockroaches
  8 goblins
  10 hobgoblins
  4 jackals (D:5)
  5 kobolds
  3 quokkas
  6 ball pythons
  9 bats
  4 frilled lizards
  5 gnoll skeletons (Ossuary)
  3 kobold skeletons (Ossuary)
  4 rats
  11 rat skeletons (Ossuary)
188 creatures vanquished.

Vanquished Creatures (others)
  20 plants
20 creatures vanquished.

Grand Total: 208 creatures vanquished

Notes
Turn   | Place    | Note
-------+----------+-------------------------------------------
     0 | D:1      | Peloso the Minotaur Fighter began the quest for the Orb.
     0 | D:1      | Reached XP level 1. HP: 19/19 MP: 0/0
   212 | D:1      | Reached XP level 2. HP: 27/27 MP: 1/1
   423 | D:1      | You fall into a shaft and drop 1 floor!
   536 | D:2      | Noticed Natasha
   549 | D:2      | Killed Natasha
   550 | D:2      | Reached XP level 3. HP: 11/33 MP: 2/2
   823 | D:2      | Reached skill level 3 in Long Blades
  1370 | D:2      | Reached XP level 4. HP: 40/40 MP: 3/3
  1480 | D:2      | Noticed Natasha
  1486 | D:2      | Killed Natasha
  1551 | D:2      | Noticed Natasha
  1560 | D:2      | Killed Natasha
  1722 | D:3      | Found a blossoming altar of Fedhas.
  1814 | D:3      | Reached skill level 1 in Dodging
  1814 | D:3      | Reached XP level 5. HP: 28/47 MP: 4/4
  1991 | D:3      | Found a white marble altar of Elyvilon.
  2067 | D:3      | Reached skill level 5 in Armour
  2229 | D:3      | Reached skill level 4 in Long Blades
  2793 | D:3      | Found a broken altar of Ashenzari.
  3335 | D:4      | Found a staircase to the Ecumenical Temple.
  3402 | D:4      | Reached XP level 6. HP: 29/53 MP: 5/5
  3523 | D:4      | Reached skill level 5 in Fighting
  3534 | D:4      | Reached skill level 5 in Long Blades
  3788 | D:4      | Found a sand-covered staircase.
  3795 | Ossuary  | Entered an ossuary
  4069 | Ossuary  | Reached XP level 7. HP: 61/61 MP: 6/6
  4877 | D:1      | Found a faded altar of an unknown god.
  5032 | D:5      | Entered Level 5 of the Dungeon
  5062 | D:5      | Reached skill level 6 in Long Blades
  5396 | D:5      | Found an iron altar of Okawaru.
  5401 | D:5      | Became a worshipper of Warmaster Okawaru
  5496 | D:5      | Reached skill level 5 in Shields
  5909 | D:5      | Found a glowing silver altar of Zin.
  6022 | D:5      | Noticed Sigmund
  6048 | D:5      | Killed Sigmund
  6048 | D:5      | Reached * piety under Okawaru
  6049 | D:5      | Reached skill level 7 in Long Blades
  6049 | D:5      | Reached XP level 8. HP: 31/70 MP: 7/7
  6234 | D:5      | Found a runed translucent door.
  6235 | D:5      | Noticed Crazy Yiuf
  6244 | D:5      | Killed Crazy Yiuf
  6245 | D:5      | Reached skill level 1 in Stealth
  6857 | D:6      | Reached ** piety under Okawaru
  6936 | D:6      | Reached skill level 8 in Long Blades
  7131 | D:6      | Noticed Eustachio
  7161 | D:6      | Killed Eustachio
  7239 | D:6      | Reached XP level 9. HP: 57/78 MP: 8/8
  7856 | D:7      | Reached skill level 9 in Long Blades
  7919 | D:7      | Noticed Harold
  7926 | D:7      | Reached *** piety under Okawaru
  7944 | D:7      | Killed Harold
  7945 | D:7      | Reached skill level 10 in Long Blades
  7994 | D:7      | Found a hide-covered altar of Uskayaw.
  7994 | D:7      | Found a radiant altar of Vehumet.
  8029 | D:7      | Found a hazy altar of Hepliaklqana.
  8070 | D:7      | Noticed Joseph
  8090 | D:7      | Found a flagged portal.
  8106 | Bailey   | Entered a bailey
  8831 | Bailey   | Noticed an orc knight
  8850 | Bailey   | Slain by an orc warrior

Illustrated notes

Levels and vault maps discovered:
D:1:      amcnicky_arrival_double_pillar, layout_rooms,
          dilly_ecumenical_altar_fadedgnrine, minivault_23,
          hangedman_glass_teeth
D:2:      layout_basic, uniq_natasha
D:3:      layout_basic, lemuel_crystal_altar,
          chequers_temple_overflow_statue_of_worship
D:4:      layout_basic, minmay_temple_entry_hall, chequers_ossuary_entry_cave,
          chequers_big_river, lightli_corner_chamber
D:5:      layout_loops_ring, zin_statuary, okawaru_ov_weapons_minmay,
          uniq_crazy_yiuf_cottage, uniq_sigmund
D:6:      layout_rooms, nicolae_water_bricks, uniq_eustachio
D:7:      minmay_spotlight, layout_rooms, xom_butterflies,
          mainiacjoe_overflow_alcove_2, gammafunk_temple_overflow_elements,
          cheibriados_altar_1, nicolae_hepliaklqana_hazy_memory, enter_bailey_4,
          serial_shops, shop_fountains, uniq_joseph, uniq_harold
Bailey:   bailey_polearm_5, bailey

Skill      XL: |  1  2  3  4  5  6  7  8  9 |
---------------+----------------------------+-----
Armour         | 4 5 6 7 8 9 |  9.6
Shields        | 4 5 6 |  6.5
Fighting       | 4 5 6 7 |  7.3
Long Blades    | 3 4 5 7 8 10 | 10.8
Dodging        | 1 2 3 4 |  4.5
Stealth        | 1 |  1.4
Invocations    | |  0.3
Evocations     | |  0.1

Action                   |  1- 3 |  4- 6 |  7- 9 || total
-------------------------+-------+-------+-------++-------
Melee: Long sword        |    79 |   158 |   358 ||   595
       Headbutt          |     6 |    29 |    62 ||    97
Invok: Heroism           |       |       |     8 ||     8
Evoke: Wand              |       |       |    10 ||    10
  Use: Potion            |       |       |     5 ||     5
       Scroll            |       |       |    10 ||    10
Armor: Scale mail        |    53 |    68 |    71 ||   192
       Chain mail        |       |       |   125 ||   125
Dodge: Dodged            |    58 |    75 |   200 ||   333
Block: Buckler           |    17 |    32 |   102 ||   151
